 Dungeon Crawl Stone Soup version 0.27-a0-1140-g099f9bb0e8 (webtiles) character file.

Game seed: 9515933620452355528

4 CurlyBrace the Chiller (level 1, 1/8 HPs)
             Began as a Felid Ice Elementalist on May 10, 2021.
             Quit the game on level 5 of the Dungeon.
             The game lasted 00:01:53 (228 turns).

CurlyBrace the Chiller (Felid Ice Elementalist)      Turns: 228, Time: 00:01:53

Health: 1/8        AC:  1    Str:  4    XL:     1   Next: 58%
Magic:  4/4        EV: 17    Int: 16    God:
Gold:   42         SH:  0    Dex: 16    Spells: 3/4 levels left
                                        Lives:  0   Deaths: 0

rFire    . . .     SeeInvis +   (weapon unavailable)
rCold    . . .     Faith    .   (shield unavailable)
rNeg     . . .     Spirit   .   (armour unavailable)
rPois    .         Reflect  .   (helmet unavailable)
rElec    .         Harm     .   (cloak unavailable)
rCorr    .         Rampage  .   (gloves unavailable)
Will     .....                  (boots unavailable)
Stlth    ++........             (no amulet)
HPRegen  0.02/turn              (no ring)
MPRegen  0.09/turn              (no ring)

@: quick
A: very small, claws 1, fangs 3, see invisible, speed 1, shaggy fur 1, stealthy
paws, no weapons or thrown items, no armour, multi-lived
a: no special abilities


You were on level 5 of the Dungeon.
You visited 1 branch of the dungeon, and saw 5 of its levels.

You collected 42 gold pieces.

Inventory:

Scrolls
 c - a scroll of silence


   Skills:
 * Level 0.4 Fighting
 + Level 2.8 Dodging
 + Level 2.8 Stealth
 * Level 0.4 Unarmed Combat
 - Level 2.0 Spellcasting
 - Level 3.6 Ice Magic


You had 3 spell levels left.
You knew the following spells:

 Your Spells              Type           Power      Damage    Failure   Level
a - Freeze                Ice            52%        1d7       4%          1

Your spell library contained the following spells:

 Spells                   Type           Power      Damage    Failure   Level
 Frozen Ramparts          Ice            26%        1d4       14%         3
 Ozocubu's Armour         Ice            13%        N/A       14%         3
 Hailstorm                Conj/Ice       7%         3d4       69%         4
 Metabolic Englaciation   Hex/Ice        3%         N/A       95%         5


Dungeon Overview and Level Annotations

Branches:
Dungeon (5/15)
 Temple: D:4-7

Altars:
Wu Jian


Innate Abilities, Weirdness & Mutations

You have sharp claws.
You have razor-sharp teeth.
You have supernaturally acute eyesight. (SInv)
You cover ground quickly. (Speed+)
You are covered in fur. (AC +1)
Your paws help you pounce on unaware monsters.
You are incapable of wielding weapons or throwing items.
You cannot wear armour.
You gain extra lives every three experience levels.


Message History

Found a glowing mace and a pair of boots.
Found an ornate altar of the Wu Jian Council.
Press: ? - help, v - describe, . - travel, g - get item Item here: a pair of boots.
The floor.
You see here 6 gold pieces.
You now have 42 gold pieces (gained 6).
You open the door.
There is an open door here.
As you read the scroll labelled QAINNOORYN, it crumbles to dust.
The scroll dissolves into smoke.
It was a scroll of fog.
As you read the scroll labelled KELENE REUCLAX, it crumbles to dust.
It is a scroll of identify.
c - a scroll of silence
As you read the scroll labelled JUBOCZU EWNOA, it crumbles to dust.
You feel strangely unstable.
It was a scroll of teleportation.
Your surroundings suddenly seem different.
A gnoll comes into view. It is wielding a +0 halberd.
A gnoll comes into view. It is wielding a +0 flail.
Found an iron wand. 2 gnolls, an orc, an ogre and a zombie come into view.
Unknown command.
The gnoll shouts!
The orc shouts!
The gnoll shouts! x3
The gnoll misses you. The gnoll barely misses you.
The gnoll closely misses you.
The gnoll hits you from afar with a +0 halberd.
The gnoll barely misses you.
Found 10 stones.
An orc comes into view. It is wielding a +3 whip.
The orc shouts!
You hear a shout!
An orc comes into view. It is wielding a +0 hand axe.
An orc comes into view. It is wielding a +0 short sword.
The orc hits you with a +3 whip.
Ouch! That really hurt!
* * * LOW HITPOINT WARNING * * *
The bullfrog zombie misses you. The ogre barely misses you.
The gnoll misses you. The gnoll barely misses you.
The orc throws a boomerang.
The boomerang barely misses you.
Are you sure you want to abandon this character and quit the game? (Confirm with "yes".)

# #. #... #######
#.o. #.....# #...
#.....#
#...####.....#
#..o...(@....#
#.....oZ.....#
#......O...###
####......g..# ...
#........g...#####...
#........go..........
#.........g.........
#....######.......#
#.... #.......#


You could see an ogre, 4 gnolls, 3 orcs and a bullfrog zombie.

Vanquished Creatures
  An adder zombie (D:5)
  A bat (D:2)
2 creatures vanquished.

Notes
Turn   | Place    | Note
-------+----------+-------------------------------------------
     0 | D:1      | CurlyBrace the Felid Ice Elementalist began the quest for
                  | the Orb.
     0 | D:1      | Reached XP level 1. HP: 7/7 MP: 4/4
   111 | D:3      | Found a faded altar of an unknown god.
   162 | D:4      | Noticed an orc wizard
   169 | D:4      | Noticed an orc priest
   172 | D:5      | Entered Level 5 of the Dungeon
   187 | D:5      | Found an ornate altar of the Wu Jian Council.
   212 | D:5      | Noticed an ogre
   228 | D:5      | Quit the game

Illustrated notes

Levels and vault maps discovered:
D:1:      dpeg_arrival_signposts, layout_loops_corners
D:2:      layout_basic
D:3:      layout_basic, shapermc_ecumenical_altar_mp_highgroup,
          minmay_misc_feat_x
D:4:      layout_loops_ring, minmay_temple_entry_statues_fountains,
          kennysheep_nondescript, uniq_natasha, uniq_crazy_yiuf_cottage,
          uniq_blork_the_orc
D:5:      layout_basic, lemuel_crystal_altar, minmay_fractal_squares_gapless_5

Action                   || total
-------------------------++-------
Melee: Unarmed           ||     7
       Bite              ||     1
 Cast: Freeze            ||     1
  Use: Scroll            ||     3
 Stab: Sleeping          ||     2
Dodge: Dodged            ||    16

Table legend: (Time is in decaauts)
 A = Elapsed time spent in this place.
 B = Non-inter-level travel time spent in this place.
 C = Inter-level travel time spent in this place.
 D = Time resting spent in this place.
 E = Time spent auto-exploring this place.
 F = Levels seen in this place.
 G = Mean time per level.
                   A        B        C        D        E       F      G
               +--------+--------+--------+--------+--------+-----+--------+
         Total |    187 |    187 |      0 |      0 |      0 |   5 |   37.4 |
       Dungeon |    187 |    187 |      0 |      0 |      0 |   5 |   37.4 |
               +--------+--------+--------+--------+--------+-----+--------+

Top non-repeatable levels by time:
     D:5: 47 daAuts
     D:1: 46 daAuts
     D:4: 40 daAuts
     D:3: 28 daAuts
     D:2: 24 daAuts
